 Dungeon Crawl Stone Soup version 0.30.1-3-gfc49f6343a (webtiles) character file.

Game seed: 17128152331430119181

49 Gorgoleon the Shooter (level 4, -6/33 HPs)
             Began as a Human Hunter on Aug 8, 2023.
             Mangled by Robin
             ... wielding a +3 short sword of electrocution
              (13 damage)
             ... on level 2 of the Dungeon.
             The game lasted 00:02:32 (1308 turns).

Gorgoleon the Shooter (Human Hunter)                Turns: 1308, Time: 00:02:34

Health: -6/33      AC:  3    Str: 12    XL:     4   Next: 1%
Magic:  4/4        EV: 12    Int:  9    God:
Gold:   189        SH:  0    Dex: 18    Spells: 3/3 levels left

rFire   . . .        a - +0 shortbow
rCold   . . .        (shield currently unavailable)
rNeg    . . .        c - +0 leather armour
rPois   .            (no helmet)
rElec   .            (no cloak)
rCorr   .            (no gloves)
SInv    .            (no boots)
Will    .....        (no amulet)
Stlth   ++           (no ring)
HPRegen 0.25/turn    (no ring)
MPRegen 0.09/turn

%: no passive effects
@: no status effects
A: no striking features
a: no special abilities


You were on level 2 of the Dungeon.
You visited 1 branch of the dungeon, and saw 2 of its levels.

You collected 189 gold pieces.

Inventory:

Hand Weapons
 a - a +0 shortbow (weapon)
 l - a +0 falchion
Missiles
 k - a throwing net
Armour
 c - a +0 leather armour (worn)
Scrolls
 b - a scroll of immolation
 e - 2 scrolls of magic mapping {unknown}
 h - a scroll of vulnerability {unknown}
 i - 2 scrolls of identify {unknown}
 j - a scroll of fog {unknown}
 m - a scroll of teleportation {unknown}
Potions
 d - a potion of ambrosia {unknown}
 f - a potion of cancellation {unknown}
 g - a potion of curing {unknown}


   Skills:
 - Level 2.0 Fighting
 + Level 5.3 Ranged Weapons
 - Level 2.0 Dodging
 - Level 1.0 Stealth


You had 3 spell levels left.
You didn't know any spells.
Your spell library contained the following spells:

 Spells                   Type           Power      Damage    Failure   Level
 Sting                    Tmut/Pois      0%         1d3       45%         1
 Poisonous Vapours        Pois/Air       0%         N/A       61%         2
 Ignite Poison            Fire/Tmut/Pois 0%         N/A       83%         3
 Olgreb's Toxic Radiance  Pois           0%         N/A       99%         4
 Sticky Flame             Conj/Fire      0%         2d3       99%         4
 Ignition                 Fire           0%         3d3       100%        8


Dungeon Overview and Level Annotations

Branches:
Dungeon (2/15)

Altars:

Annotations:
D:2 Robin


Message History

A goblin comes into view. It is wielding a +0 dagger.
You shoot an arrow. The arrow barely misses the goblin.
The arrow hits the goblin.
You kill the goblin!
You shoot an arrow. The arrow hits the goblin!
You kill the goblin!
Robin throws the goblin at you!
You shoot an arrow. The arrow barely misses the goblin.
The goblin hits you but does no damage.
You shoot an arrow. The arrow barely misses the goblin.
The goblin hits you but does no damage.
You shoot an arrow. The arrow hits the goblin!
You kill the goblin!
Robin throws the goblin at you!
You have reached level 4!
You feel stronger.
You shoot an arrow. The arrow hits the goblin.
You kill the goblin!
A hobgoblin comes into view.
You shoot an arrow.
The arrow hits Robin but does no damage.
A goblin comes into view. It is wielding a +0 dagger.
Robin hits you with a +3 short sword of electrocution.
You are electrocuted!
You shoot an arrow. The arrow hits Robin.
Robin is moderately wounded.
Robin closely misses you.
You shoot an arrow. The arrow hits Robin.
Robin is heavily wounded.
Robin closely misses you. Robin hits you but does no damage.
You are electrocuted!
A goblin comes into view. It is wielding a +0 club.
You shoot an arrow. The arrow barely misses Robin.
The goblin shouts!
The arrow hits the hobgoblin!
You kill the hobgoblin!
Robin hits you with a +3 short sword of electrocution.
* * * LOW HITPOINT WARNING * * *
You are electrocuted!
You die...

#.........##########
#######.###........#
#g# #......).# #g#
#....[...# #g#
#........# #)#
#........# #g#
#........# #g#
#........#
#@###........#
#).##........#
##..#†.......#
##.#.....†..#
#..........#
#######.........#
#........##...####
#........####....#
#........# ####.####


You could see Robin, a hobgoblin and 3 goblins.

Vanquished Creatures
  A dart slug (D:2)
  5 ball pythons
  A bat (D:2)
  4 endoplasms
  A giant cockroach (D:1)
  9 goblins
  4 hobgoblins
  4 jackals (D:1)
  3 kobolds
  2 quokkas
  2 frilled lizards (D:2)
  4 rats
40 creatures vanquished.

Notes
Turn   | Place    | Note
-------+----------+-------------------------------------------
     0 | D:1      | Gorgoleon the Human Hunter began the quest for the Orb.
     0 | D:1      | Reached XP level 1. HP: 16/16 MP: 1/1
     5 | D:1      | Found a faded altar of an unknown god.
    33 | D:1      | Reached XP level 2. HP: 10/22 MP: 2/2
   501 | D:1      | Reached XP level 3. HP: 22/27 MP: 3/3
   875 | D:2      | Reached skill level 5 in Ranged Weapons
  1276 | D:2      | Noticed Robin
  1304 | D:2      | Reached XP level 4. HP: 31/33 MP: 4/4
  1308 | D:2      | Mangled by Robin

Illustrated notes

Levels and vault maps discovered:
D:1:      saegor_arrival_simple_a, layout_basic,
          hellmonk_ecumenical_altar_run_dry
D:2:      cheibrodos_greedy_goblins, layout_basic, uniq_robin

Skill      XL: |  1  2  3 |
---------------+----------+-----
Ranged Weapons | 5 |  5.3
Fighting       | |  2.0
Dodging        | |  2.0
Stealth        | |  1.0

Action                     |  1- 3 |  4- 6 || total
---------------------------+-------+-------++-------
   Fire: Shortbow          |    98 |     5 ||   103
 Armour: Leather armour    |     7 |     1 ||     8
  Dodge: Dodged            |    23 |     2 ||    25
